 Dungeon Crawl Stone Soup version 0.28-a0-1182-g381e24db82 (webtiles) character file.

Game seed: 10247059199893281153

40 siradein the Caller (level 3, -1/28 HPs)
             Began as a Draconian Summoner on Dec 16, 2021.
             Slain by Crazy Yiuf (3 damage)
             ... on level 2 of the Dungeon.
             The game lasted 00:11:37 (2529 turns).

siradein the Caller (Draconian Summoner)            Turns: 2529, Time: 00:11:38

Health: -1/28      AC:  5    Str: 10    XL:     3   Next: 30%
Magic:  6/6        EV: 12    Int: 17    God:
Gold:   56         SH:  0    Dex: 11    Spells: 1/7 levels left

rFire   . . .      SeeInvis .   f - +0 dagger
rCold   . . .      Faith    .   (no shield)
rNeg    . . .      Spirit   .   (armour unavailable)
rPois   .          Reflect  .   (helmet restricted)
rElec   .          Harm     .   (no cloak)
rCorr   .          Rampage  .   (no gloves)
Will    .....                   (no boots)
Stlth   ++........              (no amulet)
HPRegen 0.09/turn               (no ring)
MPRegen 0.10/turn               (no ring)

@: slowed, very slow
A: AC +5, unfitting armour, cold-blooded
a: no special abilities


You were on level 2 of the Dungeon.
You visited 1 branch of the dungeon, and saw 2 of its levels.

You collected 56 gold pieces.

Inventory:

Hand Weapons
 f - a +0 dagger (weapon)
Jewellery
 i - a +4 ring of evasion
Scrolls
 d - 2 scrolls of identify {unknown}
 g - a scroll of teleportation {unknown}
 h - a scroll of blinking {unknown}
Potions
 a - a potion of flight {unknown}
 b - a potion of heal wounds {unknown}
 c - a potion of degeneration {unknown}
 e - a potion of attraction {unknown}


   Skills:
 + Level 1.3 Fighting
 + Level 2.2 Dodging
 - Level 1.7 Stealth
 + Level 2.5 Spellcasting
 + Level 4.2 Summonings


You had one spell level left.
You knew the following spells:

 Your Spells              Type           Power      Damage    Failure   Level
a - Summon Small Mammal   Summ           64%        N/A       3%          1
b - Call Imp              Summ           16%        N/A       4%          2
c - Call Canine Familiar  Summ           16%        N/A       10%         3

Your spell library contained the following spells:

 Spells                   Type           Power      Damage    Failure   Level
 Summon Guardian Golem    Hex/Summ       9%         N/A       22%         3
 Dazzling Flash           Conj/Hex       4%         N/A       50%         3
 Summon Lightning Spire   Summ/Air       9%         N/A       58%         4
 Iskenderun's Mystic Bla  Conj/Tloc      2%         2d3       88%         4
 Starburst                Conj/Fire      1%         6d3       100%        6


Dungeon Overview and Level Annotations

Branches:
Dungeon (2/15)

Altars:

Annotations:
D:2 Crazy Yiuf


Innate Abilities, Weirdness & Mutations

Your plain brown scales are hard. (AC +5)
You cannot fit into any form of body armour.
You are cold-blooded and may be slowed by cold attacks.


Message History

Your crimson imp barely misses Crazy Yiuf.
Crazy Yiuf yells, "Defame mumblescurry tired!"
Crazy Yiuf sings, "Trees, trees, trees, circus!"
Your crimson imp hits Crazy Yiuf but does no damage.
Your crimson imp blinks!
Crazy Yiuf laughs, "Buddy!"
Your crimson imp hits Crazy Yiuf.
Your crimson imp hits Crazy Yiuf but does no damage.
Your crimson imp blinks!
A beastly little devil appears in a puff of flame.
Your crimson imp disappears in a puff of smoke!
Crazy Yiuf hits you with a +4 quarterstaff of chaos!
Your crimson imp blinks!
Crazy Yiuf says, "Pitchfork!
Powder sizzlefizz song."
You are too injured to fight recklessly!
Crazy Yiuf grits, "Ice mobile shoe!"
Casting: Call Imp (safe; 4% risk of failure)
Confirm with . or Enter, or press ? or * to list all spells.
A beastly little devil appears in a puff of flame.
Crazy Yiuf hits you with a +4 quarterstaff of chaos.
* * * LOW HITPOINT WARNING * * *
Crazy Yiuf burns you.
* * * LOW HITPOINT WARNING * * *
Your crimson imp hits Crazy Yiuf but does no damage.
Your crimson imp barely misses Crazy Yiuf.
Crazy Yiuf says, "Nubble hog leg!"
Crazy Yiuf says, "Ghoul leg aubergine!"
Your crimson imp blinks!
Crazy Yiuf says, "Lugonu!
Two illywillydillykilly horse."
Crazy Yiuf says, "Goldfish!
You song water."
Crazy Yiuf laughs, "Rifle!"
Crazy Yiuf cries, "Tonal testudinal foot!"
The jackal barks!
You closely miss the jackal.
Your tail-slap misses the jackal.
The jackal bites you but does no damage.
Crazy Yiuf yells, "Papa chair fast!"
Crazy Yiuf hits you with a +4 quarterstaff of chaos!
* * * LOW HITPOINT WARNING * * *
You feel yourself slow down. Crazy Yiuf freezes you.
You die...

....# #........##.###..####...
..#.# #........##.# #.......##
..#.#### #........##.###..######
..#....###.....>..##.....##
######..##........##.[.#.#
##.##...........#<..#
#.##.........###..##
#.##.####..h.###..#
##...###..@#..##..#########
#.####...g##..............
♣♣♣♣♣##......##..............###
♣♣.♣..#............###..##.......
..♣.......##......## ##.##.......
♣♣♣♣......#######.### #.##.......
♣ ♣♣.#..## #...###.#########
♣♣###########.#..#...........
#.................########


You could see Crazy Yiuf and a jackal.

Vanquished Creatures
  A dart slug (D:1)
  4 ball pythons
  An endoplasm (D:1)
  3 jackals
  A quokka (D:2)
  A bat (D:2)
  2 frilled lizards (D:2)
  3 rats (D:1)
16 creatures vanquished.

Vanquished Creatures (collateral kills)
  A ball python (D:2)
  2 bats (D:1)
  2 endoplasms (D:2)
  3 goblins
  2 hobgoblins (D:1)
  4 jackals (D:1)
  2 kobolds
  A quokka (D:2)
  A rat (D:1)
18 creatures vanquished.

Grand Total: 34 creatures vanquished

Notes
Turn   | Place    | Note
-------+----------+-------------------------------------------
     0 | D:1      | siradein the Draconian Summoner began the quest for the
                  | Orb.
     0 | D:1      | Reached XP level 1. HP: 14/14 MP: 3/3
   471 | D:1      | Reached XP level 2. HP: 13/22 MP: 5/5
   764 | D:1      | Learned a level 2 spell: Call Imp
   881 | D:1      | Reached skill level 1 in Fighting
  1147 | D:1      | Found a faded altar of an unknown god.
  1510 | D:1      | Reached XP level 3. HP: 10/28 MP: 2/6
  1826 | D:2      | Learned a level 3 spell: Call Canine Familiar
  2297 | D:2      | Found a runed translucent door.
  2298 | D:2      | Noticed Crazy Yiuf
  2529 | D:2      | Slain by Crazy Yiuf

Illustrated notes

Levels and vault maps discovered:
D:1:      lightli_arrival_quake, layout_loops_ring,
          hellmonk_ecumenical_altar_prayer_group
D:2:      layout_rooms, serial_park_tiny_1, uniq_crazy_yiuf_cottage

Skill      XL: |  1  2 |
---------------+-------+-----
Dodging        | 2 |  2.2
Fighting       | 1 |  1.3
Stealth        | |  1.7
Spellcasting   | |  2.5
Summonings     | |  4.2

Action                   || total
-------------------------++-------
Melee: Unarmed           ||    55
       Tailslap          ||    14
       Dagger            ||    73
 Cast: Summon Small Mamm ||    10
       Call Imp          ||    14
 Stab: Sleeping          ||     3
       Distracted        ||     1
Armor: Skin              ||    67
Dodge: Dodged            ||   131

Table legend: (Time is in decaauts)
 A = Elapsed time spent in this place.
 B = Non-inter-level travel time spent in this place.
 C = Inter-level travel time spent in this place.
 D = Time resting spent in this place.
 E = Time spent auto-exploring this place.
 F = Levels seen in this place.
 G = Mean time per level.
                   A        B        C        D        E       F      G
               +--------+--------+--------+--------+--------+-----+--------+
         Total |   2532 |   2480 |     52 |    195 |   1788 |   2 | 1266.0 |
       Dungeon |   2532 |   2480 |     52 |    195 |   1788 |   2 | 1266.0 |
               +--------+--------+--------+--------+--------+-----+--------+

Top non-repeatable levels by time:
     D:1: 1555 daAuts
     D:2: 977 daAuts
